 Dungeon Crawl Stone Soup version 0.19.5 (webtiles) character file.

702005 spiff the Master Archer (level 27, -14/199 HPs)
             Began as a High Elf Assassin on Apr 2, 2017.
             Was the Champion of Dithmenos.
             Killed from afar by Mamecw the pandemonium lord (23 damage)
             ... with a bolt of cold
             ... on level 3 of a ziggurat on Apr 3, 2017.
             The game lasted 09:09:10 (119580 turns).

spiff the Master Archer (High Elf Assassin)       Turns: 119580, Time: 09:09:10

Health: -14/199    AC: 38    Str: 13    XL:     27
Magic:  47/47      EV: 28    Int: 18    God:    Dithmenos [******]
Gold:   6669       SH:  6    Dex: 26    Spells: 8 memorised, 23 levels left

rFire  x . .     SeeInvis +     A - +2 triple sword (protect)
rCold  + + .     Gourm    .     I - +5 ice dragon scales of a treasure trove {rPois rF- rC++}
rNeg   . . .     Faith    .     (shield currently unavailable)
rPois  +         Spirit   .     y - +1 helmet {SInv}
rElec  +         Reflect  +     f - +1 cloak
rCorr  .         Harm     .     K - +3 pair of gauntlets of War {Slay+5}
MR     +++..                    c - +2 pair of boots of the Arcane {+Blink rPois MR+}
Stlth  +++++++++.               O - +6 amulet of reflection
                                G - ring of Megag {Wiz +Fly rElec MP+9 Dex+7}
                                d - ring of Robustness {AC+8}

@: sap magic, very slightly contaminated, wreathed by umbra
A: clumsy 1, deformed body, deterioration 2, dopey 1, slow regeneration 1, weak
2
a: Shadow Step, Shadow Form, Renounce Religion, Evoke Blink, Evoke Flight
}: 5/15 runes: barnacled, slimy, silver, abyssal, gossamer


You were on level 3 of a ziggurat.
You worshipped Dithmenos.
Dithmenos was exalted by your worship.
You were not hungry.

You visited 10 branches of the dungeon, and saw 50 of its levels.
You visited the Abyss 4 times.
You visited 1 ziggurat, and saw 3 of its levels.
You also visited: Labyrinth, Ice Cave and Volcano.

You collected 10557 gold pieces.
You spent 3888 gold pieces at shops.

Inventory:

Hand Weapons
 A - a +2 triple sword of protection (weapon)
 B - a +3 great sword of holy wrath
 N - a +3 longbow of velocity
Missiles
 r - 1174 arrows
 U - 6 throwing nets (quivered)
Armour
 c - the +2 pair of boots of the Arcane (worn) {+Blink rPois MR+}
   (You bought it in a shop on level 2 of the Orcish Mines)

   It protects you from poison.
   It affects your resistance to hostile enchantments.
   It lets you blink.
 f - a +1 cloak (worn)
 y - a +1 helmet of see invisible (worn)
 I - the +5 ice dragon scales of a treasure trove (worn) {rPois rF- rC++}
   (You took it off an orc warrior on level 13 of the Dungeon)

   It makes you vulnerable to fire.
   It greatly protects you from cold.
   It protects you from poison.
 K - the +3 pair of gauntlets of War (worn) {Slay+5}
   (You found it on level 13 of the Dungeon)

   It affects your accuracy and damage with ranged weapons and melee attacks
   (+5).
 M - the +6 scale mail of Virtue {+Fly rN+ rCorr Str-2 Int+4}
   (You bought it in a shop on level 1 of the Depths)

   It affects your strength (-2).
   It affects your intelligence (+4).
   It protects you from negative energy.
   It lets you fly.
   It protects you from acid and corrosion.
Jewellery
 d - the ring of Robustness (left hand) {AC+8}
   (You found it on level 2 of the Depths)

   [ring of protection]

   It affects your AC (+8).
 G - the ring of Megag (right hand) {Wiz +Fly rElec MP+9 Dex+7}
   (You took it off a deep elf master archer on level 3 of the Elven Halls)

   [ring of wizardry]

   It improves your spell success rate.
   It affects your dexterity (+7).
   It insulates you from electricity.
   It affects your magic capacity (+9).
   It lets you fly.
 O - a +6 amulet of reflection (around neck)
Wands
 H - a wand of hasting (6/9)
 J - a wand of acid (5/15)
 S - a wand of disintegration (11/24)
 X - a wand of teleportation (3/9)
 Y - a wand of heal wounds (9/9)
 Z - a wand of digging (6/24)
Scrolls
 a - 14 scrolls of identify
 b - a scroll of magic mapping
 k - 2 scrolls of holy word
 m - a scroll of silence
 n - 3 scrolls of blinking
 s - 6 scrolls of teleportation
 v - 3 scrolls of fog
 w - a scroll of summoning
 D - 8 scrolls of fear
 L - 17 scrolls of remove curse
 P - 7 scrolls of recharging
Potions
 j - a potion of cancellation
 p - 3 potions of agility
 t - 7 potions of flight
 u - 3 potions of magic
 x - 3 potions of heal wounds
 z - 20 potions of curing
 F - 6 potions of might
 R - 3 potions of berserk rage
 W - 4 potions of haste
Comestibles
 g - 6 bread rations
 l - 13 meat rations


   Skills:
 + Level 19.4 Fighting
   Level 5.0(17.1) Short Blades
 - Level 24.0(24.1) Long Blades
 O Level 27 Bows
 - Level 2.0 Throwing
 - Level 16.4 Armour
 - Level 24.6 Dodging
 - Level 15.0 Stealth
 - Level 10.0 Spellcasting
 - Level 6.0 Charms
 - Level 1.1 Summonings
 - Level 4.2 Necromancy
 - Level 15.0 Translocations
 - Level 7.8 Evocations


You had 23 spell levels left.
You knew the following spells:

 Your Spells              Type           Power        Failure   Level  Hunger
a - Regeneration          Chrm/Necr      ####......   4%          3    None
b - Apportation           Tloc           ######....   1%          1    None
c - Summon Butterflies    Summ           ##......     7%          1    None
d - Blink                 Tloc           N/A          1%          2    None
e - Passage of Golubria   Tloc           N/A          1%          4    ###....
f - Lesser Beckoning      Tloc           ######....   1%          3    None
g - Dispersal             Tloc           ######....   4%          6    ######.
h - Portal Projectile     Tloc           ######       1%          3    None


Dungeon Overview and Level Annotations

Branches:
Dungeon (15/15)            Temple (1/1) D:7            Lair (6/6) D:10
 Shoals (4/4) Lair:2       Spider (4/4) Lair:4        Slime (5/5) Lair:6
    Orc (2/2) D:12            Elf (3/3) Orc:2        Vaults (5/5) D:13
  Crypt (0/3) Vaults:2     Depths (5/5) D:15            Zot (0/5) Depths:5

Altars:
Ashenzari
Cheibriados
Dithmenos
Elyvilon
Fedhas
Gozag
Hepliaklqana
Kikubaaqudgha
Makhleb
Nemelex Xobeh
Okawaru
Qazlal
Ru
Sif Muna
Trog
Uskayaw
Vehumet
Xom
Yredelemnul
Zin
The Shining One
Beogh
Jiyva

Shops:
D:5 }   D:6 %   D:8 *   D:10 [   D:15 (   Orc:2 (?%[   Elf:1 =}}   Vaults:1 }
Vaults:3 }   Vaults:4 [:[(:   Vaults:5 *   Depths:1 *[   Depths:3 (

Portals:
Hell: Depths:1 Depths:2 Depths:3 Depths:4 Depths:5
Abyss: Depths:2 Depths:4 Depths:5
Pandemonium: Depths:3

Annotations:
D:6 sinus's ghost, amateur MiGl
D:12 exclusion: downstairs
Lair:3 exclusion: 2 oklob plants
Slime:5 Amon001's ghost, legendary GrFi


Innate Abilities, Weirdness & Mutations

You are clumsy. (Dex -2)
Armour fits poorly on your strangely shaped body.
Your body often deteriorates upon taking damage.
You are dopey. (Int -2)
You regenerate slowly when monsters are visible.
You are very weak. (Str -4)


Message History

As you read the scroll of fog, it crumbles to dust.
The scroll dissolves into smoke.
The monstrous warmonger is engulfed in poison gas.
The monstrous warmonger looks even sicker.
You feel sick. Mamecw gestures at you. The bolt of cold hits you! You resist.
* * * LOW HITPOINT WARNING * * *
Mamecw gestures at you. The bolt of cold hits you! You resist.
* * * LOW HITPOINT WARNING * * *
You emit a cloud of dark smoke.
You see here a viscous ruby potion.
You feel better.
Mamecw sneers, "Slither home whilst thou can!"
Mamecw hits you but does no damage.
You writhe in agony.
* * * LOW HITPOINT WARNING * * *
Mamecw gestures at you. The bolt of cold hits you! You resist.
You die...

▓▓▓▓▓▓▓▓▓
▓.....§§▓
▓▓▓.....§§▓▓▓
▓......§§§§§▓
▓.......§§§§▓
▓§.....§§&§@▓
▓§......§§§§▓
▓§.....(§.§§▓
▓§.........\▓
▓§§§6.......▓
▓▓▓§......▓▓▓
▓.......▓
▓▓▓▓▓▓▓▓▓


You could see Mamecw.

Vanquished Creatures
  the Royal Jelly (Slime:5)
  Mara (Depths:1)
  Sojobo (Vaults:3)
  5 golden dragons
  2 profane servitors (Abyss:1)
  Arachne (Spider:4)
  the Enchantress (Depths:1)
  4 bone dragons
  9 liches
  2 Hell Sentinels
  A tentacled monstrosity (Depths:4)
  A hellephant (Abyss:1)
  Rupert (D:12)
  Asterion (Depths:2)
  A quicksilver dragon (shapeshifter) (Depths:4)
  3 deep elf blademasters (Elf:3)
  25 acid blobs
  10 titans
  2 deep elf master archers (Elf:3)
  3 ancient champions (Depths:3)
  26 tentacled starspawn
  3 Executioners
  Gastronok (Lair:1)
  6 sphinxes
  8 shadow dragons
  6 storm dragons
  8 tengu reavers
  Ilsuiw (Shoals:4)
  29 azure jellies
  A revenant (Vaults:2)
  19 frost giants
  6 ghost moths
  An orc warlord (Orc:2)
  5 iron dragons
  6 deep elf sorcerers
  A caustic shrike zombie (Depths:1)
  A balrug (Abyss:1)
  14 vault wardens
  6 emperor scorpions
  9 fire giants
  2 draconian shifters
  22 very ugly things
  2 war gargoyles
  2 cacodemons (Abyss:3)
  2 draconian annihilators
  4 spriggan defenders
  5 deep elf elementalists
  22 stone giants
  18 ironheart preservers
  3 reapers
  13 entropy weavers
  3 vampire knights
  A green draconian (Depths:5)
  11 deep elf demonologists
  9 spark wasps
  A dire elephant (Abyss:3)
  A black draconian (Abyss:2)
  10 deep elf annihilators
  A yellow draconian (Depths:5)
  2 red draconians
  A mottled draconian (Depths:5)
  A white draconian (Depths:5)
  4 merfolk javelineers
  15 ettins
  9 merfolk impalers
  6 green deaths
  A minotaur (Lab)
  10 deep elf death magi
  15 death oozes
  2 crystal guardians
  13 fire dragons
  21 yaktaur captains
  13 deep elf high priests
  A mummy priest (Zig:2)
  12 great orbs of eyes
  Erolcha (D:10)
  A naga warrior (Abyss:1)
  10 ice dragons
  6 hydras
  36 vault guards
  8 rakshasas
  9 spriggan air magi
  An anaconda (shapeshifter) (Vaults:4)
  3 catoblepae
  15 centaur warriors
  A caustic shrike simulacrum (Depths:1)
  5 death knights
  Fannar (D:10)
  A ghost crab (Abyss:3)
  6 merfolk avatars
  A satyr (shapeshifter) (Vaults:5)
  Erica (Lair:1)
  22 ogre magi
  33 dancing weapons
  4 tengu warriors
  6 merfolk aquamancers
  5 satyrs
  8 death yaks
  3 spriggan berserkers
  11 deep troll earth magi
  A queen ant (Spider:2)
  6 hell hogs (Abyss:2)
  7 deep troll shamans
  4 vampire magi
  22 thrashing horrors
  An orc high priest (Elf:2)
  2 sun demons (Abyss:1)
  A hell hog (shapeshifter) (Vaults:4)
  Urug (D:12)
  A shock serpent (shapeshifter) (Vaults:5)
  18 hell knights
  Sonja (Orc:2)
  2 soul eaters
  4 shadow wraiths
  The ghost of equalderp2856 the Jinx, a journeyman FeFi (Lair:1)
  8 iron trolls (Depths:2)
  3 spatial maelstroms
  17 wretched stars
  25 deep elf knights
  A death drake (Abyss:3)
  6 sixfirhies
  A sea snake (shapeshifter) (Vaults:4)
  41 deep trolls
  2 fire crabs (shapeshifter)
  20 skeletal warriors
  7 sea snakes
  A storm dragon skeleton (Vaults:4)
  A golden dragon zombie (Vaults:4)
  8 unseen horrors
  A glowing orange brain (shapeshifter) (Vaults:5)
  A spark wasp zombie (Depths:2)
  17 ironbrand convokers
  A lindwurm (shapeshifter) (Depths:1)
  6 flayed ghosts
  9 wizards
  6 glowing orange brains
  2 golden dragon skeletons
  21 orc knights
  A sphinx zombie (Depths:4)
  9 necromancers
  A mana viper (Abyss:3)
  10 deep elf archers
  6 hill giants
  2 anaconda skeletons (Abyss:1)
  27 harpies
  A stone giant zombie (Vaults:1)
  Pikel (D:5)
  5 phantasmal warriors
  73 deep elf magi
  23 fauns
  A harpy (shapeshifter) (Depths:3)
  A shadow dragon skeleton (Depths:1)
  19 orb spiders
  2 orc sorcerers
  6 shining eyes
  37 wolf spiders
  69 ugly things
  11 manticores
  10 worldbinders
  16 cyclopes
  7 moths of wrath
  A stone giant skeleton (Depths:1)
  An elf zombie (Depths:2)
  5 black mambas
  A manticore (shapeshifter) (Depths:1)
  3 apocalypse crabs
  5 toenail golems (Volcano)
  5 elephants
  4 guardian serpents
  A rust devil (Abyss:1)
  12 sirens
  16 vault sentinels
  A titan simulacrum (Depths:4)
  A naga mage (D:15)
  7 water nymphs
  5 eyes of devastation
  7 orange demons
  A spiny frog (shapeshifter) (Depths:2)
  2 hellions (Abyss:1)
  5 spectral swamp worms (Depths:3)
  14 smoke demons
  4 torpor snails
  15 spiny frogs
  46 yaktaurs
  3 kobold demonologists
  5 gargoyles
  4 efreet
  2 rime drakes
  14 komodo dragons
  10 freezing wraiths
  A tormentor (Abyss:1)
  2 komodo dragons (shapeshifter)
  19 demonic crawlers
  An entropy weaver simulacrum (Vaults:3)
  A golden dragon simulacrum (Depths:4)
  5 catoblepas skeletons (Abyss:3)
  A red devil (Abyss:2)
  An ice devil (Depths:4)
  11 trolls
  2 tengu conjurers (Depths:2)
  A minotaur zombie (Lab)
  22 ancient zymes
  A hellwing (Abyss:3)
  2 guardian mummies (Zig:2)
  An anaconda simulacrum (Abyss:2)
  52 two-headed ogres
  28 merfolk
  28 polar bears
  2 queen bees
  A queen bee (shapeshifter) (Vaults:1)
  2 silent spectres
  A tengu simulacrum (Vaults:3)
  52 jumping spiders
  Prince Ribbit (D:7)
  A polar bear (shapeshifter) (Abyss:3)
  10 wind drakes
  24 hornets
  2 hornets (shapeshifter)
  3 meliai (Spider:3)
  A merfolk (shapeshifter) (D:13)
  70 slime creatures
  4 tyrant leeches (Spider:4)
  A dream sheep (shapeshifter) (Vaults:1)
  29 raiju
  32 blink frogs
  A raiju (shapeshifter) (D:15)
  7 snapping turtles
  24 dream sheep
  2 meliai zombies
  3 human simulacra
  9 flying skulls
  14 hippogriffs
  2 hippogriffs (shapeshifter)
  115 redbacks
  2 ettin skeletons
  31 tarantellas
  A tarantella (shapeshifter) (Vaults:2)
  6 wraiths
  12 spriggans
  2 vampires
  9 air elementals
  5 shadows
  4 fire elementals
  26 water elementals
  5 golden eyes
  A hog (shapeshifter) (Vaults:4)
  59 yaks
  6 wyverns
  13 ynoxinuls
  8 basilisks
  9 neqoxecs
  4 fire bats (Abyss:3)
  16 humans
  4 steam dragons
  11 vampire mosquitoes
  23 chaos spawn
  2 spatial vortices
  5 hungry ghosts
  3 insubstantial wisps (Abyss:3)
  14 wargs
  2 harpy simulacra
  7 mottled dragons
  A naga (Abyss:1)
  A warg (shapeshifter) (Vaults:4)
  An ogre zombie (Vaults:1)
  16 soldier ants
  4 hell hounds
  A merfolk skeleton (Abyss:1)
  12 water moccasins
  A soldier ant (shapeshifter) (Depths:3)
  58 large abominations
  11 porcupines
  58 orc warriors
  6 sky beasts
  17 black bears
  3 hornet zombies
  71 ogres
  An eye of draining (shapeshifter) (Depths:3)
  4 phantoms
  An ogre (shapeshifter) (Elf:1)
  2 swamp drakes (D:15)
  50 small abominations
  14 ice beasts
  62 starcursed masses
  7 eyes of draining
  A boggart (Abyss:3)
  41 wolves
  12 centaurs
  19 crocodiles
  A big kobold (shapeshifter) (Vaults:2)
  5 big kobolds
  A human skeleton (Vaults:4)
  Blork the orc (D:5)
  A human zombie (Vaults:1)
  A yaktaur zombie (Vaults:1)
  20 bullfrogs
  A gnoll sergeant (D:5)
  A yaktaur skeleton (Vaults:1)
  13 earth elementals
  A spiny frog simulacrum (Abyss:2)
  A scorpion (shapeshifter) (Depths:5)
  2 scorpions
  A wyvern skeleton (D:10)
  An orc simulacrum (Vaults:1)
  12 wights
  49 killer bees
  3 howler monkeys (D:10)
  2 electric eels (Lair:1)
  15 crimson imps
  A centaur zombie (D:7)
  A bullfrog zombie (D:5)
  10 quasits
  19 hounds
  6 jellies
  26 orc wizards
  22 orc priests
  A bullfrog skeleton (D:10)
  3 centaur skeletons
  9 iron imps
  6 iguanas
  8 hell rats
  26 worker ants
  Terence (D:2)
  A hound zombie (D:8)
  A hound skeleton (D:5)
  A mummy (Zig:2)
  A worker ant zombie (D:7)
  4 gnolls
  A river rat (Lair:3)
  10 adders
  3 shadow imps
  4 white imps (Abyss:3)
  9 ufetubi
  An ooze (D:2)
  An adder zombie (D:9)
  3 adder skeletons
  3 worms
  A worm (shapeshifter) (Vaults:1)
  2 dart slugs (D:1)
  6 leopard geckos
  118 orcs
  7 giant cockroaches
  11 goblins
  7 hobgoblins
  7 jackals
  7 quokkas
  A ball python (D:5)
  4 bats
  8 frilled lizards
  11 kobolds
  A leopard gecko skeleton (D:6)
  2 quokka skeletons
  8 rats
  5 crawling corpses (Elf:3)
  A lurking horror (Abyss:2)
  2 plants (Lair:6)
  13 starspawn tentacles
  A tentacle (Abyss:3)
3397 creatures vanquished.

Vanquished Creatures (others)
  A ghost moth (Spider:4)
  3 very ugly things (Depths:3)
  An ironheart preserver (Vaults:1)
  A deep troll earth mage (Depths:3)
  A deep troll shaman (Depths:3)
  A spriggan berserker (Depths:4)
  An iron troll (Depths:3)
  An unseen horror (Vaults:1)
  A deep elf archer (Elf:3)
  3 deep trolls (Depths:3)
  A deep elf mage (Elf:1)
  A mana viper (Abyss:1)
  A phantasmal warrior (Vaults:5)
  A smoke demon (Abyss:2)
  A yaktaur (Vaults:5)
  A jumping spider (shapeshifter) (Depths:4)
  A blink frog (Abyss:1)
  A snapping turtle (Shoals:4)
  A small abomination (Abyss:3)
  A golden eye (Abyss:3)
  A hell hound (Lair:6)
  An orc warrior (D:15)
  A wolf (Lair:6)
  A crocodile (Lair:6)
  An earth elemental (Abyss:3)
  An orc priest (Vaults:5)
  A quasit (Abyss:1)
  An iron imp (Abyss:2)
  An ufetubus (Abyss:2)
  An orc (Vaults:5)
  4 jackals (D:5)
  2 bushes (Lair:3)
  28 fungi
  A lurking horror (Abyss:2)
  77 plants
  43 starspawn tentacles
  4 tentacles (Abyss:3)
193 creatures vanquished.

Grand Total: 3590 creatures vanquished

Notes
Turn   | Place    | Note
-------+----------+-------------------------------------------
     0 | D:1      | spiff the High Elf Assassin began the quest for the Orb.
     0 | D:1      | Reached XP level 1. HP: 14/14 MP: 2/2
    77 | D:1      | Reached skill level 5 in Stealth
    83 | D:1      | Reached XP level 2. HP: 17/19 MP: 3/3
   780 | D:2      | Reached XP level 3. HP: 24/24 MP: 4/4
  1354 | D:2      | Noticed Terence
  1374 | D:2      | Killed Terence
  1374 | D:2      | Reached XP level 4. HP: 18/29 MP: 5/5
  1709 | D:3      | Found a burning altar of Makhleb.
  2366 | D:3      | Found a sacrificial altar of Ru.
  2515 | D:3      | Reached XP level 5. HP: 24/34 MP: 6/6
  3429 | D:4      | Noticed an ogre
  3470 | D:4      | Killed an ogre
  3470 | D:4      | Reached skill level 1 in Long Blades
  3470 | D:4      | Reached XP level 6. HP: 41/41 MP: 7/7
  3618 | D:4      | Found a sparkling altar of Nemelex Xobeh.
  4724 | D:5      | Entered Level 5 of the Dungeon
  4774 | D:5      | Noticed Blork the orc
  4818 | D:5      | Killed Blork the orc
  5057 | D:5      | Reached XP level 7. HP: 46/46 MP: 8/8
  5357 | D:5      | Found Zoodghy's Gadget Emporium.
  5633 | D:5      | Noticed Pikel
  5813 | D:5      | Killed Pikel
  5813 | D:5      | Reached skill level 5 in Long Blades
  5813 | D:5      | Reached skill level 5 in Dodging
  5813 | D:5      | Reached XP level 8. HP: 54/54 MP: 9/9
  5949 | D:5      | Found a stormy altar of Qazlal.
  5997 | D:5      | Reached skill level 5 in Fighting
  6625 | D:6      | Noticed sinus's ghost (amateur MiGl)
  6794 | D:6      | Found an opulent altar of Gozag.
  6825 | D:6      | Found Wuuczyto's Food Boutique.
  7154 | D:6      | Identified a scroll of acquirement
  7201 | D:5      | Got an iridescent dagger {pierce}
  7202 | D:5      | Identified the +8 dagger of the Bear {pierce, Str+2 SInv} (You took it off a crimson imp on level 5 of the Dungeon)
  8030 | D:6      | Reached XP level 9. HP: 49/63 MP: 10/10
  8733 | D:7      | Noticed Prince Ribbit
  8783 | D:7      | Found a staircase to the Ecumenical Temple.
  8792 | Temple   | Entered the Ecumenical Temple
  8824 | Temple   | Became a worshipper of Dithmenos the Shadowed
  8870 | D:7      | Reached skill level 5 in Short Blades
  9411 | D:7      | Found an ancient bone altar of Kikubaaqudgha.
  9425 | D:7      | Found a hazy altar of Hepliaklqana.
  9428 | D:7      | Found a glowing silver altar of Zin.
  9666 | D:7      | Killed Prince Ribbit
  9666 | D:7      | Reached skill level 10 in Stealth
  9857 | D:7      | Reached * piety under Dithmenos
 10046 | D:8      | Got an encrusted cloak
 10069 | D:7      | Identified the +0 cloak "Cesmuighi" {MR+ rCorr Dex-4} (You found it on level 8 of the Dungeon)
 10255 | D:8      | Found a glowing golden altar of the Shining One.
 10699 | D:8      | Reached XP level 10. HP: 58/69 MP: 11/11
 10809 | D:8      | Found Aceifyg's General Store.
 11171 | D:9      | Noticed a dagger
 11171 | D:9      | Noticed a hand axe
 11174 | D:9      | Found a hide-covered altar of Uskayaw.
 11220 | D:9      | Reached ** piety under Dithmenos
 11263 | D:9      | Noticed a white ugly thing
 11788 | D:10     | Entered Level 10 of the Dungeon
 11788 | D:10     | Noticed Erolcha
 11795 | D:10     | Killed Erolcha
 11830 | D:10     | Found Nosoagepp's Armour Shoppe.
 11849 | D:10     | Noticed Fannar
 12092 | D:10     | Noticed an unseen horror
 12110 | D:10     | Killed an unseen horror
 12347 | D:10     | Found a staircase to the Lair.
 12361 | D:10     | Reached XP level 11. HP: 75/78 MP: 7/12
 12422 | D:10     | Noticed a hill giant
 12935 | D:10     | Reached *** piety under Dithmenos
 12949 | D:10     | Noticed a sixfirhy
 13489 | D:10     | Killed a hill giant
 13522 | Lair:1   | Entered Level 1 of the Lair of Beasts
 13653 | Lair:1   | Reached skill level 10 in Dodging
 13663 | Lair:1   | Found a dark tunnel.
 13671 | Volcano  | Entered a volcano
 13680 | Volcano  | Noticed a wizard
 13683 | Volcano  | Killed a wizard
 13708 | Volcano  | Noticed a wizard
 13710 | Volcano  | Killed a wizard
 13732 | Volcano  | Noticed a wizard
 13732 | Volcano  | Noticed a wizard
 13756 | Volcano  | Noticed a wizard
 13761 | Volcano  | Killed a wizard
 13844 | Volcano  | Killed a wizard
 13959 | Volcano  | Noticed a mace of flaming
 13974 | Volcano  | Killed a mace of flaming
 13974 | Volcano  | Reached skill level 10 in Long Blades
 13995 | Volcano  | Killed a wizard
 14001 | Volcano  | Reached skill level 10 in Fighting
 14179 | Lair:1   | Reached XP level 12. HP: 75/87 MP: 10/13
 14398 | Lair:1   | Noticed Erica
 14444 | Lair:1   | Noticed equalderp2856's ghost (journeyman FeFi)
 14581 | Lair:1   | Reached **** piety under Dithmenos
 14645 | Lair:1   | Noticed Gastronok
 15262 | Lair:2   | Noticed a six-headed hydra
 15266 | Lair:2   | Killed a six-headed hydra
 15721 | Lair:2   | Found a staircase to the Shoals.
 17292 | Lair:3   | Reached ***** piety under Dithmenos
 18032 | Lair:3   | Reached XP level 13. HP: 81/96 MP: 12/14
 18563 | Lair:3   | Reached skill level 1 in Bows
 18654 | Lair:2   | Reached skill level 2 in Bows
 18843 | Lair:3   | Reached skill level 3 in Bows
 19304 | Lair:3   | Reached skill level 4 in Bows
 19455 | Lair:3   | Got an ominously black robe
 19466 | Lair:3   | Identified the +2 robe of Wirulido {rF+} (You found it on level 3 of the Lair of Beasts)
 19606 | Lair:4   | Reached skill level 5 in Bows
 19700 | Lair:4   | Reached skill level 6 in Bows
 19941 | Lair:4   | Found a labyrinth entrance.
 19948 | Lab      | Entered a labyrinth
 20123 | Lab      | Found an exit through the horrors of the Abyss.
 20168 | Lab      | Noticed a minotaur
 20171 | Lab      | Killed a minotaur
 20171 | Lab      | Reached skill level 7 in Bows
 20250 | Lab      | Got a garnet-studded ring mail
 20262 | Lab      | Identified the +1 ring mail "Dujusa" {rPois rF- rCorr SInv} (You found it in a labyrinth)
 20274 | Lab      | Identified a +4 rod of shadows (11/11) (You found it in a labyrinth)
 20380 | Lair:4   | Reached skill level 8 in Bows
 20449 | Lair:4   | Found a hole to the Spider Nest.
 20586 | Lair:4   | Reached skill level 9 in Bows
 22470 | Lair:6   | Entered Level 6 of the Lair of Beasts
 23538 | Lair:6   | Reached ****** piety under Dithmenos
 24421 | Lair:6   | Reached XP level 14. HP: 56/104 MP: 8/15
 24724 | Lair:6   | Found a staircase to the Slime Pits.
 24729 | Lair:6   | Found a viscous altar of Jiyva.
 27802 | D:12     | Found a staircase to the Orcish Mines.
 28256 | D:12     | Gained mutation: You have sharp toenails. [potion of beneficial mutation]
 28480 | D:13     | Found a gate to the Vaults.
 28480 | D:13     | Noticed Urug
 28480 | D:13     | Noticed Rupert
 29904 | Orc:1    | Entered Level 1 of the Orcish Mines
 30081 | Orc:2    | Entered Level 2 of the Orcish Mines
 30271 | Orc:2    | Found a roughly hewn altar of Beogh.
 30356 | Orc:2    | Found a frozen archway.
 30426 | IceCv    | Entered an ice cave
 32143 | IceCv    | Noticed a frost giant
 33166 | Orc:2    | Found a staircase to the Elven Halls.
 33287 | Orc:2    | Gained mutation: You are clumsy. (Dex -2) [a neqoxec]
 33292 | Orc:2    | Reached skill level 15 in Stealth
 33394 | Orc:2    | Noticed an orc warlord
 34420 | Orc:2    | Reached XP level 15. HP: 100/114 MP: 13/16
 34614 | Orc:2    | Reached skill level 15 in Fighting
 34848 | Orc:2    | Found Ahiugrof's Antique Weapon Shoppe.
 34848 | Orc:2    | Found Movoumn's Magic Scroll Boutique.
 34849 | Orc:2    | Found Nytagal's Food Boutique.
 34849 | Orc:2    | Found Eniboe Azoh's Armour Emporium.
 41215 | D:13     | Reached skill level 15 in Dodging
 41570 | D:12     | Killed Urug
 41667 | D:13     | Paralysed by a hornet for 3 turns
 43674 | D:13     | Got shimmering ice dragon scales
 43686 | D:13     | Identified the +5 ice dragon scales of a treasure trove {rPois rF- rC++} (You took it off an orc warrior on level 13 of the Dungeon)
 43884 | D:13     | Found an iron altar of Okawaru.
 43901 | D:13     | Got a pair of twisted gloves
 43912 | D:13     | Identified the +3 pair of gloves of Kisaleg {+Blink +Inv Str-4 Dex+5} (You found it on level 13 of the Dungeon)
 43946 | D:13     | Got a bloodstained falchion
 43947 | D:13     | Identified the cursed +1 falchion of Amorality {venom, rElec rPois Int+6} (You found it on level 13 of the Dungeon)
 44656 | D:10     | Killed Fannar
 44656 | D:10     | Reached skill level 10 in Bows
 44656 | D:10     | Reached skill level 1 in Armour
 45309 | Spider:1 | Entered Level 1 of the Spider Nest
 45919 | Spider:1 | Reached XP level 16. HP: 112/122 MP: 14/17
 47629 | Lair:4   | Reached skill level 11 in Bows
 49009 | Spider:2 | Reached skill level 15 in Long Blades
 50923 | Spider:2 | Reached skill level 12 in Bows
 51546 | Spider:3 | Reached skill level 5 in Armour
 51892 | Spider:3 | Reached XP level 17. HP: 122/129 MP: 18/18
 52715 | Spider:3 | Paralysed by a hornet for 2 turns
 53336 | Spider:4 | Entered Level 4 of the Spider Nest
 56213 | Spider:4 | Paralysed by a hornet for 3 turns
 56235 | Spider:4 | Noticed Arachne
 56637 | Spider:4 | Killed Arachne
 57003 | Spider:4 | Got a gossamer rune of Zot
 57254 | Shoals:1 | Entered Level 1 of the Shoals
 57641 | Lair:1   | Killed Gastronok
 57681 | Lair:1   | Killed Erica
 58089 | Shoals:1 | Reached skill level 13 in Bows
 58294 | Shoals:1 | Reached XP level 18. HP: 125/135 MP: 19/19
 59327 | Shoals:2 | Reached skill level 14 in Bows
 60307 | Shoals:3 | Got a shimmering scale mail
 60318 | Shoals:3 | Identified the cursed +1 scale mail of Disguise {Dex+4} (You found it on level 3 of the Shoals)
 61095 | Shoals:4 | Entered Level 4 of the Shoals
 61117 | Shoals:4 | Reached skill level 15 in Bows
 61818 | Shoals:4 | Noticed Ilsuiw
 61990 | Shoals:4 | Killed Ilsuiw
 62926 | Shoals:3 | Reached skill level 16 in Bows
 63888 | Shoals:4 | Got a barnacled rune of Zot
 64211 | Shoals:4 | Got a pair of shimmering boots
 64212 | Shoals:4 | Identified the +3 pair of boots of Insecurity {rElec rN+ Int+5} (You found it on level 4 of the Shoals)
 64448 | Shoals:4 | Reached XP level 19. HP: 136/141 MP: 17/20
 64994 | Orc:2    | Noticed Sonja
 65000 | Orc:2    | Killed Sonja
 65901 | D:14     | Reached skill level 17 in Bows
 66548 | D:15     | Entered Level 15 of the Dungeon
 66750 | D:15     | Found Nebidwest's Antique Weapon Shoppe.
 67421 | D:15     | Found a staircase to the Depths.
 67540 | Vaults:1 | Entered Level 1 of the Vaults
 70847 | Vaults:1 | Reached XP level 20. HP: 147/147 MP: 21/21
 71810 | Vaults:1 | Found Powkoof's Gadget Emporium.
 72504 | Vaults:2 | Found an opulent altar of Gozag.
 73961 | Vaults:2 | Found a staircase to the Crypt.
 74938 | Vaults:3 | Lost mutation: You are clumsy. (Dex -2) [potion of cure mutation]
 74938 | Vaults:3 | Lost mutation: You have sharp toenails. [potion of cure mutation]
 75065 | Orc:2    | Bought the +2 pair of boots of the Arcane {+Blink rPois MR+} for 651 gold pieces
 75478 | Vaults:3 | Noticed Sojobo
 75488 | Vaults:3 | Got a bloodstained scale mail
 75499 | Vaults:3 | Identified the +5 scale mail of Loss {Dex+4} (You found it on level 3 of the Vaults)
 75545 | Vaults:3 | Reached skill level 1 in Evocations
 75640 | Vaults:3 | Killed Sojobo
 76006 | Vaults:3 | Found Biufub's Gadget Boutique.
 76929 | Vaults:4 | Found Zahiwo Peyts's Book Boutique.
 76929 | Vaults:4 | Found Zuru's Antique Armour Shoppe.
 76936 | Vaults:4 | Bought a book of Party Tricks for 750 gold pieces
 76945 | Vaults:4 | Learned a level 1 spell: Summon Butterflies
 76947 | Vaults:4 | Learned a level 1 spell: Apportation
 76947 | Vaults:4 | Found Ziria's Book Boutique.
 76956 | Vaults:4 | Bought a manual of Armour for 2208 gold pieces
 77237 | Vaults:4 | Reached XP level 21. HP: 153/153 MP: 24/24
 78137 | D:12     | Killed Rupert
 78510 | Vaults:4 | Found Kekel's Antique Weapon Boutique.
 78597 | Vaults:4 | Found Rakibropt's Armour Emporium.
 78640 | Vaults:4 | Reached skill level 5 in Evocations
 79122 | Vaults:4 | Reached skill level 10 in Armour
 80341 | Depths:1 | Entered Level 1 of the Depths
 80488 | Depths:1 | Found Isilol's Antique Armour Boutique.
 80511 | Depths:1 | Bought a steaming scale mail for 279 gold pieces
 80521 | Depths:1 | Identified the +6 scale mail of Virtue {+Fly rN+ rCorr Str-2 Int+4} (You bought it in a shop on level 1 of the Depths)
 80534 | Depths:1 | Found a gateway to Hell.
 80701 | Depths:1 | Found Ycautula's Demolitions Depot.
 80832 | Depths:1 | Noticed the Enchantress
 80868 | Depths:1 | Killed the Enchantress
 81377 | Depths:1 | Got faerie dragon scales
 81388 | Depths:1 | Identified the +1 faerie dragon scales {+Blink rC- Dex+4} (You took it off the Enchantress on level 1 of the Depths)
 81543 | Depths:1 | Noticed Mara
 81557 | Depths:1 | Killed Mara
 81557 | Depths:1 | Reached XP level 22. HP: 118/160 MP: 19/28
 82112 | Depths:1 | Found a gateway to a ziggurat.
 82658 | Depths:2 | Found a one-way gate to the infinite horrors of the Abyss.
 83520 | Depths:2 | HP: 6/160 [spriggan berserker/antimagic war axe (25)]
 84095 | Depths:2 | Got a pitted amber ring
 84136 | Depths:2 | Identified the cursed ring of the Fiend {+Inv rPois EV-4 Str-2} (You took it off a tengu reaver on level 2 of the Depths)
 84557 | Depths:2 | Noticed Asterion
 84562 | Depths:2 | Killed Asterion
 84923 | Depths:3 | Found a one-way gate leading to the halls of Pandemonium.
 85065 | Depths:3 | Found Watweocao's Weapon Emporium.
 85357 | Depths:3 | Reached skill level 15 in Armour
 85900 | Depths:3 | Reached XP level 23. HP: 159/165 MP: 27/29
 85974 | Depths:3 | Identified the Catalogue of the Eternal Fruit
 87858 | Depths:4 | Identified the Almanac of Good Luck and Black Magic
 87869 | Depths:4 | Got a bone dagger
 87870 | Depths:4 | Identified the +5 dagger "Suthrem" {pierce, rF- rC+ SInv} (You found it on level 4 of the Depths)
 87886 | Depths:4 | Learned a level 3 spell: Regeneration
 88033 | Depths:5 | Entered Level 5 of the Depths
 89316 | Depths:5 | Found a gate to the Realm of Zot.
 90625 | Elf:1    | Entered Level 1 of the Elven Halls
 90641 | Elf:1    | Reached XP level 24. HP: 156/171 MP: 29/29
 90810 | Elf:1    | Found Nuwnuon's Gadget Emporium.
 91161 | Elf:1    | Got a brightly glowing chain mail
 91172 | Elf:1    | Identified the cursed +0 chain mail of Conscience {*Slow rPois Str+3} (You found it on level 1 of the Elven Halls)
 91360 | Elf:1    | Found Iraul's Jewellery Shop.
 91360 | Elf:1    | Found Aniysiott's Gadget Emporium.
 92112 | Elf:2    | Found a huge runed gate.
 92112 | Elf:2    | Found a huge runed gate.
 92112 | Elf:2    | Found a huge runed gate.
 93330 | Elf:3    | Entered Level 3 of the Elven Halls
 95559 | Elf:3    | Got an ancient marble ring
 95834 | Elf:3    | Identified the cursed ring "Kapn" {MR- Str+2 Int-2 Dex+4} (You took it off a deep elf demonologist on level 3 of the Elven Halls)
 96063 | Elf:3    | Got a jewelled dagger {pierce}
 96064 | Elf:3    | Identified the +3 dagger of Regicide {pierce, rF++ rN++ Dex-5} (You took it off a deep elf death mage on level 3 of the Elven Halls)
 96226 | Elf:3    | Got an encrusted helmet
 96237 | Elf:3    | Identified the +0 helmet of the Hanged Man {rPois Str+4 Dex+4} (You found it on level 3 of the Elven Halls)
 96388 | Elf:3    | Got a crude tin ring
 96405 | Elf:3    | Got a pitted bronze ring
 96407 | Elf:3    | Identified the ring of Megag {Wiz +Fly rElec MP+9 Dex+7} (You took it off a deep elf master archer on level 3 of the Elven Halls)
 96409 | Elf:3    | Identified the cursed ring of Brilliance {rF+ AC-3 Str+4} (You took it off a deep elf mage on level 3 of the Elven Halls)
 96657 | Lair:1   | Learned a level 2 spell: Blink
 96663 | Lair:1   | Learned a level 4 spell: Passage of Golubria
 96667 | Lair:1   | Learned a level 3 spell: Lesser Beckoning
 96674 | Lair:1   | Learned a level 6 spell: Dispersal
 96900 | Depths:2 | Voluntarily entered the Abyss.
 96993 | Abyss:1  | Reached skill level 1 in Spellcasting
 96993 | Abyss:1  | Reached skill level 1 in Translocations
 97400 | Abyss:1  | Paralysed by accursed screaming for 2 turns
 97406 | Abyss:1  | Paralysed by accursed screaming for 2 turns
 97413 | Abyss:1  | Paralysed by accursed screaming for 2 turns
 97764 | Abyss:1  | Reached skill level 1 in Charms
 97864 | Abyss:1  | Reached skill level 1 in Necromancy
 97868 | Abyss:1  | Reached XP level 25. HP: 168/186 MP: 29/29
 98159 | Abyss:2  | Paralysed by accursed screaming for 1 turns
 98164 | Abyss:2  | Paralysed by accursed screaming for 1 turns
 98350 | Abyss:2  | Paralysed by you for 7 turns
 98373 | Depths:2 | Escaped the Abyss
 98693 | Depths:2 | Voluntarily entered the Abyss.
 98703 | Abyss:1  | Found a corrupted altar of Lugonu.
 98779 | Abyss:1  | Found a corrupted altar of Lugonu.
 99183 | Abyss:2  | Reached skill level 5 in Translocations
 99242 | Abyss:2  | Reached skill level 5 in Spellcasting
 99374 | Depths:2 | Escaped the Abyss
 99704 | Depths:2 | Voluntarily entered the Abyss.
 99742 | Abyss:1  | Reached skill level 5 in Charms
100671 | Depths:2 | Escaped the Abyss
101005 | Depths:2 | Voluntarily entered the Abyss.
101434 | Abyss:1  | Got a dull robe
101464 | Abyss:1  | Identified the cursed +0 robe "Ecumoa" {rN+ MR+ Dex-5} (You found it on level 1 of the Abyss)
101587 | Abyss:1  | Found a corrupted altar of Lugonu.
102555 | Abyss:1  | Paralysed by accursed screaming for 1 turns
102806 | Abyss:1  | Found a corrupted altar of Lugonu.
102917 | Abyss:1  | Reached skill level 10 in Spellcasting
102980 | Abyss:1  | Reached skill level 10 in Translocations
103114 | Abyss:2  | Got an ichor-stained leather armour
103125 | Abyss:2  | Identified the +1 leather armour of Nemelex Xobeh's Hope {Slay+3} (You found it on level 2 of the Abyss)
103268 | Abyss:2  | Found a shattered altar of Ashenzari.
103797 | Abyss:3  | Gained mutation: You are clumsy. (Dex -2) [a neqoxec]
103799 | Abyss:3  | Gained mutation: You are very dopey. (Int -4) [a neqoxec]
103824 | Abyss:3  | Got a slimy robe
103975 | Abyss:3  | Identified the +2 robe of Isosmip {rN+} (You found it on level 3 of the Abyss)
104024 | Abyss:3  | Reached XP level 26. HP: 193/193 MP: 38/38
104390 | Abyss:3  | Found a deep blue altar of Sif Muna.
104397 | Abyss:3  | Found a corrupted altar of Lugonu.
104399 | Abyss:3  | Identified the Compendium of Toxins
104409 | Abyss:3  | Found a deep blue altar of Sif Muna.
104509 | Abyss:3  | Found a deep blue altar of Sif Muna.
104525 | Abyss:3  | Identified Soliem's Papyrus of Bewitchment
104529 | Abyss:3  | Found a corrupted altar of Lugonu.
104530 | Abyss:3  | Identified the Collected Works on Earth
104533 | Abyss:3  | Identified the Grimoire of Confrontation
104538 | Abyss:3  | Found a deep blue altar of Sif Muna.
104546 | Abyss:3  | Identified the Guide on Summoning
104558 | Abyss:3  | Identified Seuxi's Handbook of Flight
104562 | Abyss:3  | Identified the Grimoire of Necromancy
104568 | Abyss:3  | Found a deep blue altar of Sif Muna.
104577 | Abyss:3  | Identified the Catalogue of Confrontation
104580 | Abyss:3  | Identified the Collected Works on Air
104656 | Abyss:3  | Found a corrupted altar of Lugonu.
104795 | Abyss:3  | Gained mutation: You are weak. (Str -2) [a neqoxec]
104846 | Abyss:3  | Found a corrupted altar of Lugonu.
104860 | Abyss:3  | Found a runed door.
104874 | Abyss:3  | Found a huge runed gate.
104875 | Abyss:3  | Found a huge runed gate.
104876 | Abyss:3  | Found a huge runed gate.
104883 | Abyss:3  | Found a huge runed gate.
104883 | Abyss:3  | Found a huge runed gate.
104894 | Abyss:3  | Found a runed door.
105082 | Abyss:3  | Found a corrupted altar of Lugonu.
105622 | Abyss:3  | Found a corrupted altar of Lugonu.
106473 | Abyss:3  | Reached skill level 15 in Translocations
106511 | Abyss:3  | Paralysed by you for 2 turns
106634 | Abyss:3  | Reached skill level 18 in Bows
106852 | Abyss:3  | Got an abyssal rune of Zot
107247 | Abyss:3  | Found a corrupted altar of Lugonu.
107265 | Depths:2 | Escaped the Abyss
107528 | Depths:2 | Reached skill level 19 in Bows
107820 | Lair:1   | Learned a level 3 spell: Portal Projectile
107943 | Slime:1  | Entered Level 1 of the Pits of Slime
107997 | Lair:6   | Reached skill level 1 in Summonings
108292 | Slime:4  | Gained mutation: You are very weak. (Str -4) [a shining eye]
108351 | Slime:5  | Entered Level 5 of the Pits of Slime
108387 | Slime:5  | Reached skill level 20 in Bows
108496 | Slime:5  | Noticed Amon001's ghost (legendary GrFi)
108660 | Slime:4  | Gained mutation: Armour fits poorly on your strangely shaped body. [a shining eye]
108874 | Slime:4  | Gained mutation: Your body sometimes deteriorates upon taking damage. [a shining eye]
108880 | Slime:3  | Gained mutation: Your body often deteriorates upon taking damage. [a shining eye]
109145 | Slime:5  | Found a viscous altar of Jiyva.
109148 | Slime:5  | Noticed the Royal Jelly
109545 | Slime:4  | Reached skill level 21 in Bows
111811 | Slime:5  | Killed the Royal Jelly
111811 | Slime:5  | Reached skill level 22 in Bows
111811 | Slime:5  | Reached XP level 27. HP: 160/198 MP: 25/38
112239 | Slime:5  | Got a slimy rune of Zot
112241 | Slime:5  | Got a warped demon blade
112242 | Slime:5  | Identified the +5 demon blade of Accidental Termination {venom, *Slow Str+7 Dex+2} (You found it on level 5 of the Pits of Slime)
112291 | Slime:5  | Got shimmering mottled dragon scales
112310 | Slime:5  | Identified the +0 mottled dragon scales "Nirocw" {+Fly} (You found it on level 5 of the Pits of Slime)
112566 | Slime:5  | Got a shadowed robe
112577 | Slime:5  | Identified the +4 robe of Pride {+Fly SInv} (You found it on level 5 of the Pits of Slime)
112876 | Lair:1   | Killed equalderp2856's ghost
113141 | Vaults:5 | Entered Level 5 of the Vaults
113470 | Vaults:4 | Paralysed by a floating eye for 2 turns
113498 | Vaults:4 | Reached skill level 23 in Bows
114528 | Vaults:4 | Reached skill level 24 in Bows
115916 | Vaults:4 | Reached skill level 25 in Bows
117523 | Vaults:4 | Reached skill level 26 in Bows
118241 | Vaults:5 | Found Cioruyqa's General Store.
118376 | Vaults:5 | Got a silver rune of Zot
118394 | Vaults:5 | Got a scorched long sword
118395 | Vaults:5 | Identified the cursed +2 long sword "Oliroad" {pain, Int+6} (You found it on level 5 of the Vaults)
118528 | Vaults:5 | Got a pitted dagger
118529 | Vaults:5 | Identified the cursed +3 dagger "Viluann" {flame, *Contam Str+3 SInv} (You found it on level 5 of the Vaults)
118571 | Vaults:5 | Identified the Almanac of Creation and Intoxication
118573 | Vaults:5 | Gained mutation: You regenerate slowly when monsters are visible. [mutagenic glow]
118866 | Vaults:5 | Identified the Incunabulum of Confrontation
118922 | Vaults:5 | Reached skill level 27 in Bows
119504 | Zig:1    | Entered Level 1 of a ziggurat
119527 | Zig:2    | Entered Level 2 of a ziggurat
119549 | Zig:3    | Entered Level 3 of a ziggurat
119552 | Zig:3    | Noticed Mamecw the pandemonium lord
119578 | Zig:3    | HP: 6/198 [Mamecw the pandemonium lord/bolt of cold (17)]
119580 | Zig:3    | Killed from afar by Mamecw the pandemonium lord

Skill      XL: |  1  2  3  4  5  6  7  8  9 10 11 12 13 14 15 16 17 18 19 20 21 22 23 24 25 26 27 |
---------------+----------------------------------------------------------------------------------+-----
Stealth        | 5 6 7 11 12 15 | 15.0
Dodging        | 2 3 4 5 7 9 11 12 13 14 15 16 18 19 20 21 24 | 24.6
Long Blades    | 1 3 5 7 10 11 12 14 15 17 19 22 23 24 | 24.0
Fighting       | 3 4 6 8 10 11 12 14 15 16 19 | 19.4
Short Blades   | 3 5 |  5.0
Bows           | 9 10 12 13 16 17 22 27 | 27.0
Armour         | 1 5 8 11 15 16 | 16.4
Evocations     | 3 7 |  7.8
Spellcasting   | 3 10 | 10.0
Translocations | 3 11 15 | 15.0
Charms         | 1 6 |  6.0
Necromancy     | 1 4 |  4.2
Summonings     | 1 |  1.1
Throwing       | |  2.0

Action                   |  1- 3 |  4- 6 |  7- 9 | 10-12 | 13-15 | 16-18 | 19-21 | 22-24 | 25-27 || total
-------------------------+-------+-------+-------+-------+-------+-------+-------+-------+-------++-------
Melee: Dagger            |   118 |   152 |   441 |   734 |  3219 |   117 |    26 |    10 |    16 ||  4833
       Great sword       |       |       |     6 |       |       |       |       |       |    10 ||    16
       Rapier            |       |       |       |       |     3 |       |       |       |       ||     3
       Kick              |       |       |       |       |   802 |   452 |   417 |       |       ||  1671
       Triple sword      |       |       |       |       |   154 |  1284 |  1633 |  1214 |  2893 ||  7178
 Fire: Blowgun           |    11 |    14 |    40 |    10 |     9 |       |       |       |       ||    84
       Shortbow          |       |       |       |     8 |    53 |       |       |       |       ||    61
       Longbow           |       |       |       |       |     2 |   297 |   423 |  1023 |   551 ||  2296
Throw: Stone             |       |     3 |     4 |    11 |   134 |   105 |    25 |     1 |       ||   283
       Throwing net      |       |       |       |     1 |     3 |     1 |     3 |       |     1 ||     9
 Cast: Regeneration      |       |       |       |       |       |       |       |       |    48 ||    48
       Dispersal         |       |       |       |       |       |       |       |       |     7 ||     7
       Portal Projectile |       |       |       |       |       |       |       |       |     7 ||     7
       Passage of Golubr |       |       |       |       |       |       |       |       |     5 ||     5
       Summon Butterflie |       |       |       |       |       |       |       |       |     2 ||     2
       Blink             |       |       |       |       |       |       |       |       |     1 ||     1
Invok: Shadow Step       |       |       |       |     1 |     2 |     6 |     1 |     1 |     4 ||    15
 Abil: Evoke Blink       |       |       |       |       |       |       |       |     2 |       ||     2
       Evoke Flight      |       |       |       |       |       |       |       |       |     1 ||     1
Evoke: Wand              |       |       |     3 |    19 |    59 |     4 |       |       |       ||    85
  Use: Scroll            |       |     7 |     7 |     9 |    19 |    10 |     6 |    11 |    19 ||    88
       Potion            |       |     1 |     1 |     2 |     4 |     5 |     7 |     4 |     6 ||    30
 Stab: Sleeping          |    10 |    18 |    16 |    39 |    78 |    53 |    55 |    10 |    24 ||   303
       Distracted        |       |       |     2 |     4 |    13 |     7 |     7 |    11 |    39 ||    83
       Confused          |       |       |       |     8 |    13 |       |       |       |       ||    21
       Held in net/web   |       |       |       |       |       |     3 |       |       |       ||     3
  Eat: Chunk             |     1 |    10 |    18 |    24 |    77 |    42 |    48 |    39 |    29 ||   288
       Pizza             |       |     1 |       |       |       |       |     1 |     3 |       ||     5
       Bread ration      |       |       |       |       |     3 |     3 |     1 |     1 |    10 ||    18
       Fruit             |       |       |       |       |     2 |     1 |       |       |     6 ||     9
       Meat ration       |       |       |       |       |       |     1 |       |     1 |       ||     2
       Royal jelly       |       |       |       |       |       |       |     1 |       |       ||     1
Armor: Robe              |    23 |    24 |    56 |    54 |   218 |       |       |       |       ||   375
       Ice dragon scales |       |       |       |       |    77 |   978 |   553 |   448 |   744 ||  2800
       Scale mail        |       |       |       |       |       |       |       |       |   168 ||   168
Dodge: Dodged            |    53 |    75 |   292 |   455 |  2390 |  1695 |  1218 |   936 |  2894 || 10008
Block: Buckler           |       |       |       |     4 |       |       |       |       |       ||     4
       Other             |       |       |       |       |       |       |       |   160 |   644 ||   804
       Reflection        |       |       |       |       |       |       |       |    13 |    20 ||    33
       Rpst.: Great sword |       |       |     1 |       |       |       |       |       |     3 ||     4
       Triple sword      |       |       |       |       |    40 |   321 |   248 |   147 |   578 ||  1334
